 Dungeon Crawl Stone Soup version 0.24-a0-525-g9231cdcba1 (webtiles) character file.

Game seed: 207634700863041961

24460 Kae the Impaler (level 13, 0/163 HPs)
             Began as a Merfolk Gladiator on Aug 2, 2019.
             Was the Champion of Okawaru.
             Slain by a death yak (9 damage)
             ... on level 2 of the Lair of Beasts.
             The game lasted 00:17:04 (16204 turns).

Kae the Impaler (Merfolk Gladiator)                Turns: 16204, Time: 00:17:04

Health: 0/163      AC: 26    Str: 20    XL:     13   Next: 13%
Magic:  0/19       EV:  2    Int: 15    God:    Okawaru [******]
Gold:   769        SH:  0    Dex: 16    Spells: 12/12 levels left

rFire    . . .     SeeInvis .   b - +1 bardiche "Sobriabb" {pain, rC+ MR+ Str+3 Int+6}
rCold    + + .     Gourm    .   (shield currently unavailable)
rNeg     + + +     Faith    .   (armour currently unavailable)
rPois    +         Spirit   +   (helmet currently unavailable)
rElec    .         Reflect  .   (cloak currently unavailable)
rCorr    .         Harm     .   (gloves currently unavailable)
MR       ++...     NoTele   +   (boots currently unavailable)
Stlth    +.........             u - amulet of guardian spirit
HPRegen  0.37/turn              c - ring of protection from magic
MPRegen  0.16/turn              R - ring of protection from cold

@: tree-form (expiring), berserk cooldown, slowed, studying Summonings, very
slow
A: (change form in water), (swift swim), (stealthy swim)
a: Heroism, Finesse, Renounce Religion


You were on level 2 of the Lair of Beasts.
You worshipped Okawaru.
Okawaru was exalted by your worship.
You were very hungry.
You were a tree.
You visited 3 branches of the dungeon, and saw 14 of its levels.
You also visited: Ossuary.

You collected 769 gold pieces.

Inventory:

Hand Weapons
 a - a +1 trident
 b - the +1 bardiche "Sobriabb" (weapon) {pain, rC+ MR+ Str+3 Int+6}
   (Okawaru gifted it to you on level 1 of the Lair of Beasts)

   In the hands of one skilled in necromantic magic, it inflicts extra damage on
   living creatures.
   It affects your strength (+3).
   It affects your intelligence (+6).
   It protects you from cold.
   It affects your resistance to hostile enchantments.
Missiles
 d - 7 throwing nets (quivered)
Armour
 o - a +0 pair of gloves (melded)
 t - a +0 pair of boots (melded)
 v - the +1 helmet "Rackaxzi" (melded) {rN+ rCorr Dex+3}
   (You took it off Robin on level 3 of the Dungeon)

   It affects your dexterity (+3).
   It protects you from negative energy.
   It provides partial protection from all sources of acid and corrosion.
 J - a +4 chain mail (melded)
Jewellery
 c - a ring of protection from magic (left branch)
 g - an uncursed amulet of faith
 j - an uncursed amulet of the gourmand
 u - an amulet of guardian spirit (around neck)
 D - an uncursed ring of flight
 E - an uncursed ring of protection from cold
 R - a ring of protection from cold (right branch)
 U - an uncursed amulet of regeneration
Wands
 e - a wand of random effects (16)
 i - a wand of digging (5)
 q - a wand of disintegration (15)
 G - a wand of clouds (4)
 L - a wand of acid (5)
 M - a wand of iceblast (5)
 N - a wand of polymorph (6)
 T - a wand of enslavement (11)
 W - a wand of scattershot (6)
 X - a wand of flame (17)
 Z - a wand of paralysis (10)
Scrolls
 h - 2 scrolls of teleportation
 k - 6 scrolls of amnesia
 s - 4 scrolls of remove curse
 y - 2 scrolls of holy word
 A - a scroll of blinking
 K - a scroll of fear
 Q - 2 scrolls of magic mapping
 Y - a scroll of enchant weapon
Potions
 l - a potion of berserk rage
 m - 2 potions of lignification
 n - 3 potions of resistance
 p - 4 potions of flight
 r - a potion of magic
 w - a potion of cancellation
 x - 5 potions of haste
 z - 3 potions of ambrosia
 B - 5 potions of curing
 C - 3 potions of heal wounds
 F - 2 potions of mutation
 I - a potion of agility
 O - a potion of might {unknown}
Books
 P - a manual of Summonings
Comestibles
 f - 38 rations


   Skills:
 + Level 12.3 Fighting
 - Level 18.6 Polearms
 - Level 2.0 Throwing
 + Level 13.0 Dodging
 * Level 8.4 Invocations


You had 12 spell levels left.
You didn't know any spells.
Your spell library contained the following spells:

 Spells                   Type           Power        Failure   Level  Hunger
 Animate Skeleton         Necr           N/A          26%         1    ##.....
 Apportation              Tloc           #.....       26%         1    ##.....
 Confusing Touch          Hex            #.....       26%         1    ##.....
 Magic Dart               Conj           #...         26%         1    ##.....
 Shock                    Conj/Air       #...         26%         1    ##.....
 Summon Small Mammal      Summ           #...         26%         1    ##.....
 Searing Ray              Conj           #.....       38%         2    ###....
 Swiftness                Chrm/Air       #.......     38%         2    ###....
 Dazzling Spray           Conj/Hex       #.....       63%         3    ####...
 Static Discharge         Conj/Air       #.......     63%         3    ####...
 Airstrike                Air            #.........   95%         4    #####..
 Force Lance              Conj/Tloc      #.......     95%         4    #####..
 Fulminant Prism          Conj/Hex       #.........   95%         4    #####..
 Iskenderun's Mystic Bla  Conj           #.......     95%         4    #####..
 Irradiate                Conj/Tmut      #.........   100%        5    ######.
 Lightning Bolt           Conj/Air       #.........   100%        5    ######.
 Hydra Form               Tmut           #.........   100%        6    #######
 Statue Form              Tmut/Erth      #........    100%        6    #######
 Dragon Form              Tmut           #.........   100%        7    #######


Dungeon Overview and Level Annotations

Branches:
Dungeon (11/15)            Temple (1/1) D:5            Lair (2/6) D:11
  Swamp: Lair:2-4    Shoals: Lair:2-4     Snake: Lair:2-4    Spider: Lair:2-4
    Orc: D:9-12

Altars:
Ashenzari
Dithmenos
Elyvilon
Fedhas
Gozag
Hepliaklqana
Kikubaaqudgha
Nemelex Xobeh
Okawaru
Qazlal
Ru
Sif Muna
Vehumet
Yredelemnul
Zin
The Shining One

Shops:
D:5 }   D:7 %

Annotations:
Lair:1 1 runed translucent door, Hawod's ghost, novice MiBe


Message History

The death yak gores you but does no damage.
The death yak gores you!
* * * LOW HITPOINT WARNING * * *
You hit the death yak.
The death yak is heavily wounded.
Your transformation is almost over.
The death yak gores you but does no damage.
You slash the death yak!
The death yak is severely wounded.
The death yak gores you!
* * * LOW HITPOINT WARNING * * *
The death yak gores you but does no damage.
You hit the death yak.
The death yak is severely wounded.
The death yak gores you but does no damage.
You hit the death yak but do no damage.
The death yak is severely wounded.
The death yak gores you but does no damage.
The death yak gores you!
You die...

####.#.#### #.......... #
##..........
.#........... #......+
............ #......#
+.......... #......##
#.......... #.......
#♣+## +......# ##YY##
......# ##††## #..P##
#...## ###..P# ##[$.#
##.....# # ####.#..##
##....÷.###.###........##
###....÷+...##..........#
###÷...÷P# #P...........


You could see a death yak and a yak.

Vanquished Creatures
  A fire dragon (D:9)
  Harold (D:8)
  A centaur warrior (D:10)
  5 death yaks (Lair:2)
  4 two-headed ogres
  A manticore (D:9)
  6 elephants (Lair:2)
  Maurice (D:10)
  2 spiny frogs
  A gargoyle (D:11)
  A rime drake (Lair:1)
  A polar bear (D:9)
  2 trolls
  3 blink frogs (Lair:1)
  Grinder (D:6)
  2 hippogriffs
  A spriggan (D:7)
  15 yaks
  A hungry ghost (D:7)
  2 basilisks
  A soldier ant (D:11)
  2 water moccasins
  4 porcupines
  5 orc warriors
  2 sky beasts
  A black bear (D:11)
  A necrophage (D:8)
  9 ice beasts
  4 phantoms
  4 centaurs
  2 wolves (D:9)
  An ogre (D:10)
  2 crocodiles (Lair:1)
  2 big kobolds
  7 bullfrogs
  9 scorpions
  17 wights
  10 killer bees (D:8)
  An electric eel (Lair:1)
  5 crimson imps
  3 howler monkeys
  2 centaur skeletons
  5 centaur zombies
  5 hounds
  3 orc priests
  2 human zombies (Ossuary)
  3 jellies
  3 bullfrog zombies
  2 bullfrog skeletons
  9 orc wizards
  3 iguanas
  Ijyb (D:2)
  Terence (D:2)
  5 worker ants
  2 killer bee zombies
  4 big kobold zombies (Ossuary)
  A bullfrog simulacrum (D:9)
  3 mummies (Ossuary)
  A killer bee simulacrum (D:9)
  Robin (D:3)
  5 gnolls
  A howler monkey skeleton (D:8)
  13 adders
  3 scorpion zombies (Ossuary)
  A hound simulacrum (D:9)
  3 shadow imps
  3 white imps (D:9)
  5 ufetubi (D:9)
  3 oozes
  An adder skeleton (D:4)
  2 adder zombies
  3 worms
  2 dart slugs
  2 adder simulacra (D:9)
  5 leopard geckos
  40 orcs
  5 giant cockroaches
  2 gnoll zombies (Ossuary)
  24 goblins
  7 hobgoblins
  18 jackals
  4 quokkas
  A ball python (D:6)
  9 bats
  2 frilled lizards
  A goblin zombie (Ossuary)
  5 hobgoblin zombies (Ossuary)
  A jackal simulacrum (D:9)
  33 kobolds
  A kobold zombie (Ossuary)
  A leopard gecko skeleton (D:5)
  A quokka skeleton (D:5)
  6 rats
  5 plants (D:5)
418 creatures vanquished.

Vanquished Creatures (others)
  A worm (D:2)
  A giant cockroach (D:2)
2 creatures vanquished.

Grand Total: 420 creatures vanquished

Notes
Turn   | Place    | Note
-------+----------+-------------------------------------------
     0 | D:1      | Kae the Merfolk Gladiator began the quest for the Orb.
     0 | D:1      | Reached XP level 1. HP: 16/16 MP: 1/1
   188 | D:1      | Reached skill level 5 in Polearms
   188 | D:1      | Reached XP level 2. HP: 22/22 MP: 2/2
   431 | D:2      | Found a radiant altar of Vehumet.
   470 | D:2      | Reached XP level 3. HP: 27/27 MP: 3/3
   633 | D:2      | Reached skill level 6 in Polearms
   858 | D:2      | Noticed Terence
   867 | D:2      | Killed Terence
   867 | D:2      | Reached XP level 4. HP: 24/33 MP: 4/4
  1178 | D:2      | Noticed Ijyb
  1235 | D:2      | Killed Ijyb
  1235 | D:2      | Reached skill level 7 in Polearms
  1461 | D:2      | Reached XP level 5. HP: 38/38 MP: 5/5
  1892 | D:3      | Identified the +1 helmet "Rackaxzi" {rN+ rCorr Dex+3}
  1892 | D:3      | Noticed Robin
  1902 | D:3      | Killed Robin
  2033 | D:3      | Reached skill level 8 in Polearms
  2180 | D:3      | Reached skill level 5 in Dodging
  2181 | D:3      | Reached XP level 6. HP: 28/44 MP: 6/6
  2372 | D:3      | Reached skill level 9 in Polearms
  3154 | D:4      | Reached skill level 10 in Polearms
  3383 | D:4      | Reached XP level 7. HP: 48/50 MP: 7/7
  3861 | D:5      | Entered Level 5 of the Dungeon
  3931 | D:5      | Found Gouboneg's Gadget Shop.
  3961 | D:5      | Reached skill level 11 in Polearms
  4207 | D:5      | Reached XP level 8. HP: 24/56 MP: 8/8
  4211 | D:5      | Reached skill level 12 in Polearms
  4239 | D:5      | Found a staircase to the Ecumenical Temple.
  4245 | Temple   | Entered the Ecumenical Temple
  4255 | Temple   | Became a worshipper of Warmaster Okawaru
  4342 | D:5      | Found a glowing silver altar of Zin.
  4474 | D:5      | Found a sand-covered staircase.
  4484 | Ossuary  | Entered an ossuary
  4540 | Ossuary  | Reached skill level 13 in Polearms
  4752 | Ossuary  | Reached * piety under Okawaru
  4865 | Ossuary  | Reached skill level 14 in Polearms
  5397 | D:5      | Found a hazy altar of Hepliaklqana.
  5398 | D:5      | Found a sparkling altar of Nemelex Xobeh.
  5501 | D:5      | Reached XP level 9. HP: 59/61 MP: 9/9
  6121 | D:6      | Reached ** piety under Okawaru
  6164 | D:6      | Reached skill level 15 in Polearms
  6169 | D:6      | Found a blossoming altar of Fedhas.
  6206 | D:6      | Noticed Grinder
  6222 | D:6      | Killed Grinder
  6831 | D:7      | Reached skill level 16 in Polearms
  7097 | D:7      | Found Gofecuw's Food Boutique.
  7153 | D:7      | Reached *** piety under Okawaru
  7163 | D:7      | Reached skill level 17 in Polearms
  7163 | D:7      | Reached XP level 10. HP: 63/67 MP: 10/10
  7827 | D:8      | Noticed Harold
  8171 | D:8      | Reached skill level 18 in Polearms
  8446 | D:8      | Killed Harold
  8446 | D:8      | Reached **** piety under Okawaru
  8595 | D:8      | Found a white marble altar of Elyvilon.
  8821 | D:9      | Found a glowing golden altar of the Shining One.
  8821 | D:9      | Found an opulent altar of Gozag.
  8821 | D:9      | Found a stormy altar of Qazlal.
  8881 | D:9      | Reached skill level 1 in Invocations
  8933 | D:9      | Noticed a manticore
  8969 | D:9      | Killed a manticore
  9223 | D:9      | Found the +4 skin of Zhor {Hibernate rC+++ SInv}
  9292 | D:9      | Noticed a two-headed ogre
  9301 | D:9      | Killed a two-headed ogre
  9301 | D:9      | Reached ***** piety under Okawaru
  9301 | D:9      | Reached skill level 10 in Dodging
  9301 | D:9      | Reached XP level 11. HP: 58/76 MP: 10/13
  9715 | D:9      | Noticed a fire dragon
  9747 | D:9      | Killed a fire dragon
  9747 | D:9      | Received a gift from Okawaru
 10102 | D:9      | Found a shattered altar of Ashenzari.
 10249 | D:9      | Reached skill level 5 in Fighting
 10780 | D:9      | Reached skill level 5 in Invocations
 10996 | D:9      | Received a gift from Okawaru
 11099 | D:10     | Entered Level 10 of the Dungeon
 11276 | D:10     | Noticed Maurice
 11290 | D:10     | Killed Maurice
 11306 | D:10     | Noticed a two-headed ogre
 11325 | D:10     | Killed a two-headed ogre
 11461 | D:10     | Noticed a two-headed ogre
 11477 | D:10     | Killed a two-headed ogre
 11900 | D:10     | Noticed a centaur warrior
 11917 | D:10     | Killed a centaur warrior
 12759 | D:11     | Reached XP level 12. HP: 87/91 MP: 13/16
 13196 | D:11     | Noticed a two-headed ogre
 13211 | D:11     | Killed a two-headed ogre
 13224 | D:11     | Found a shadowy altar of Dithmenos.
 13611 | D:11     | Received a gift from Okawaru
 14143 | D:11     | Found a staircase to the Lair.
 14612 | Lair:1   | Entered Level 1 of the Lair of Beasts
 14833 | Lair:1   | Reached ****** piety under Okawaru
 14833 | Lair:1   | Reached skill level 10 in Fighting
 15121 | Lair:1   | Noticed Hawod's ghost (novice MiBe)
 15139 | Lair:1   | Found a runed translucent door.
 15197 | Lair:1   | Received a gift from Okawaru
 15200 | Lair:1   | Got a twisted bardiche {god gift}
 15201 | Lair:1   | Identified the +1 bardiche "Sobriabb" {pain, rC+ MR+ Str+3
                  | Int+6} (Okawaru gifted it to you on level 1 of the Lair of
                  | Beasts)
 16139 | Lair:2   | Noticed a death yak
 16141 | Lair:2   | Noticed a death yak
 16147 | Lair:2   | Noticed a death yak
 16149 | Lair:2   | Noticed a death yak
 16150 | Lair:2   | Noticed a death yak
 16152 | Lair:2   | Noticed a death yak
 16165 | Lair:2   | Killed a death yak
 16179 | Lair:2   | Killed a death yak
 16179 | Lair:2   | Reached XP level 13. HP: 62/107 MP: 7/19
 16192 | Lair:2   | Received a gift from Okawaru
 16202 | Lair:2   | HP: 8/163 [death yak (9)]
 16204 | Lair:2   | Slain by a death yak

Levels and vault maps discovered:
D:1:      scummos_arrival_checkerplants, layout_rooms
D:2:      kennysheep_the_goblin_king, layout_basic, fiery_altar_vehumet,
          uniq_terence
D:3:      layout_basic, moated_statue, uniq_robin
D:4:      minmay_clustersquares, layout_loops_ring
D:5:      kennysheep_kobold_camp, layout_basic, kennysheep_little_box,
          gammafunk_temple_overflow_statue, minmay_temple_entry_gardened_gates,
          enter_ossuary_1, serial_shops, kennysheep_mini, first_ration,
          nrook_pool_corridor, st_stairs_11
D:6:      layout_rooms, fedhas_altar_fruit_tree, uniq_grinder
D:7:      layout_basic, serial_shops, nicolae_shop_waterfront, the_bakery
D:8:      layout_basic, serial_park_tiny_2, elyvilon_altar_1, uniq_harold
D:9:      minmay_tri_box, layout_basic,
          chequers_temple_overflow_statue_of_worship, serial_ice, serial_ice_f,
          serial_ice_b, serial_ice_m, serial_ice_i, serial_ice_g, serial_ice_o,
          serial_ice_a, serial_ice_n, nicolae_ashenzari_panopticon
D:10:     layout_long_grid, uniq_maurice
D:11:     layout_stronghold, lair_entry_dummy, grunt_dithmenos_smoke_and_mirrors
Temple:   eino_temple_water
Lair:1:   layout_gridlike, hellmonk_ghost_happy_afterlife,
          chequers_serial_rivers_micro_a, nicolae_quartered_pool_medium,
          infiniplex_staircase_pool_2, lemuel_fruit_fields
Lair:2:   layout_roguey

Skill      XL: |  1  2  3  4  5  6  7  8  9 10 11 12 13 |
---------------+----------------------------------------+-----
Polearms       | 5 6 7 8 10 11 14 17 18 | 18.6
Dodging        | 5 6 8 10 11 12 13 | 13.0
Invocations    | 3 6 8 |  8.4
Fighting       | 4 8 11 12 | 12.3
Throwing       | |  2.0

Action                   |  1- 3 |  4- 6 |  7- 9 | 10-12 | 13-15 || total
-------------------------+-------+-------+-------+-------+-------++-------
Melee: Trident           |    85 |    91 |       |       |       ||   176
       Spear             |       |   202 |   698 |  1116 |       ||  2016
       Tailslap          |       |       |     2 |     3 |       ||     5
       Punch             |       |       |       |    11 |       ||    11
       Bardiche          |       |       |       |   113 |    25 ||   138
Throw: Throwing net      |       |       |       |     1 |       ||     1
Invok: Heroism           |       |       |       |    14 |       ||    14
Evoke: Wand              |       |       |       |     1 |       ||     1
  Use: Scroll            |     3 |     7 |     8 |     8 |       ||    26
       Potion            |       |     4 |     3 |     4 |       ||    11
 Stab: Sleeping          |     3 |       |       |       |       ||     3
       Held in net/web   |       |       |       |     4 |       ||     4
  Eat: Chunk             |    12 |    10 |    12 |    28 |       ||    62
Armor: Leather armour    |    15 |    44 |    37 |       |       ||    96
       Skin              |       |    49 |       |     3 |    10 ||    62
       Chain mail        |       |       |    21 |   320 |       ||   341
Dodge: Dodged            |    38 |   111 |   167 |   481 |     1 ||   798

Table legend:
 A = Non-vault XP
 B = Vault XP
 C = Vault XP percentage of total XP
 D = Non-vault monster count
 E = Vault monster count
 F = Vault count percentage of total count
                 A         B        C        D         E       F
            +---------+---------+-------+---------+---------+-------
      Total |   28263 |    6680 |  19.1 |     302 |     111 |  26.9
            +---------+---------+-------+---------+---------+-------
        D:1 |      20 |       0 |   0.0 |      13 |       0 |   0.0
        D:2 |      63 |      83 |  56.8 |      24 |       8 |  25.0
        D:3 |     205 |      39 |  16.0 |      32 |      13 |  28.9
        D:4 |     192 |     172 |  47.3 |      15 |       7 |  31.8
        D:5 |     821 |     122 |  12.9 |      34 |      22 |  39.3
        D:6 |     629 |     267 |  29.8 |      14 |       1 |   6.7
        D:7 |    1093 |     215 |  16.4 |      13 |       1 |   7.1
        D:8 |    1629 |     960 |  37.1 |      35 |       1 |   2.8
        D:9 |    3019 |    3592 |  54.3 |      34 |      28 |  45.2
       D:10 |    3920 |     457 |  10.4 |      21 |       1 |   4.5
       D:11 |    4295 |       0 |   0.0 |      31 |       0 |   0.0
     Lair:1 |    2945 |       0 |   0.0 |      15 |       0 |   0.0
     Lair:2 |    9432 |       0 |   0.0 |      21 |       0 |   0.0
    Ossuary |       0 |     773 | 100.0 |       0 |      29 | 100.0
            +---------+---------+-------+---------+---------+-------
